 Dungeon Crawl Stone Soup version 0.29.1-13-g9f3cf754e1 (console) character file.

Game seed: 6160841452096751433

52 om the Magician (level 4, -6/31 HPs)
             Began as a Djinni Ice Elementalist on Jan 20, 2023.
             Mangled by Crazy Yiuf
             ... wielding a +3 quarterstaff of chaos
              (12 damage)
             ... on level 2 of the Dungeon.
             The game lasted 00:04:17 (2532 turns).

om the Magician (Djinni Ice Elementalist)           Turns: 2532, Time: 00:04:17

Health: -6/31      AC:  0    Str:  7    XL:     4   Next: 8%
Gold:   54         EV: 15    Int: 19    God:
                   SH:  0    Dex: 13

rFire   . . .      SeeInvis .   (weapon currently unavailable)
rCold   . . .      Faith    .   (shield currently unavailable)
rNeg    . . .      Spirit   .   (body armour currently unavailable)
rPois   ∞          Reflect  .   (helmet currently unavailable)
rElec   .          Harm     .   (cloak currently unavailable)
rCorr   .          Rampage  .   (gloves currently unavailable)
Will    .....                   (boots unavailable)
Stlth   ++........              (no amulet)
HPRegen 0.10/turn               (ring currently unavailable)
MPRegen 0.00/turn               (ring currently unavailable)

@: pig-form, flying, very quick
A: fast, flying, no casting, sickness immunity, small, (fire resistance 2),
(cold vulnerability 1), float, innate caster, HP casting, extra vitality 1
a: no special abilities


You were on level 2 of the Dungeon.
You were a filthy swine.
You visited 1 branch of the dungeon, and saw 2 of its levels.

You collected 119 gold pieces.
You spent 65 gold pieces at shops.

Inventory:

Hand Weapons
 f - a +0 dagger (melded)
Armour
 a - a +0 robe
 e - a +0 leather armour (melded)
Jewellery
 g - a ring of fire
Scrolls
 d - 2 scrolls of identify
 i - a scroll of fear
Potions
 b - a potion of ambrosia
 h - a potion of brilliance
 j - a potion of curing


   Skills:
 + Level 0.7 Armour
 + Level 3.0 Dodging
 + Level 2.2 Stealth
 * Level 3.6 Spellcasting


You couldn't memorise any spells.
You knew the following spells:

 Your Spells              Type           Power      Damage    Failure   Level
a - Freeze                Ice            68%        1d8       3%          1
b - Frozen Ramparts       Ice            34%        1d6       10%         3
c - Ozocubu's Armour      Ice            17%        N/A       10%         3
d - Hailstorm             Conj/Ice       17%        3d6       30%         4
e - Necrotise             Necr           68%        1d7       3%          1
Your spell library was empty.

Dungeon Overview and Level Annotations

Branches:
Dungeon (2/15)

Altars:

Shops:
D:2 ?

Annotations:
D:2 Crazy Yiuf


Innate Abilities, Weirdness & Mutations

You are a filthy swine.
You move quickly.
You are flying.
Your equipment is almost entirely melded.
You are incapable of wielding weapons or throwing items.
You cannot cast spells.
You are immune to sickness and miasma.
You are immune to poison.
((Your flesh is very heat resistant. (rF++)))
((You are vulnerable to cold. (rC-)))
You float through the air rather than walking.
You learn spells naturally, not from books.
Your magical power is your life essence.
You have superior vitality. (+4 MHP)


Message History

Found a stone staircase leading up.
You see here a +0 leather armour.
Found a hammer.
Found a runed translucent door.
Casting: Freeze (safe; 4% risk of failure)
Confirm with . or Enter, or press ? or * to list all spells.
Okay, then.
You reach down and open the door.
There is an open translucent door here.
The helpless Crazy Yiuf fails to defend himself.
You hit Crazy Yiuf.
Crazy Yiuf is moderately wounded.
Crazy Yiuf hits you with a +3 quarterstaff of chaos!
Ouch! That really hurt!
Aiming: Freeze (safe; 4% risk of failure)
Press: ? - help, Q - select action, (/) - cycle Shift-Dir - straight line, f - Crazy Yiuf
Aim: Crazy Yiuf, wielding a +3 quarterstaff of chaos and wearing a +0 cloak (moderately wounded)
You freeze Crazy Yiuf!
Crazy Yiuf is severely wounded.
Crazy Yiuf hits you with a +3 quarterstaff of chaos!
* * * LOW HITPOINT WARNING * * *
You turn into a filthy swine.
Your +0 dagger melds into your body.
Your +0 leather armour melds into your body.
You feel much better. Crazy Yiuf closely misses you.
You can't do that in your present form.
Crazy Yiuf closely misses you.
You hit Crazy Yiuf but do no damage.
Crazy Yiuf is severely wounded.
You hit Crazy Yiuf.
Crazy Yiuf is severely wounded.
Crazy Yiuf hits you with a +3 quarterstaff of chaos!
Crazy Yiuf burns you.
You hit Crazy Yiuf.
Crazy Yiuf is severely wounded.
Crazy Yiuf closely misses you.
You hit Crazy Yiuf but do no damage.
Crazy Yiuf is severely wounded.
Crazy Yiuf hits you with a +3 quarterstaff of chaos!
* * * LOW HITPOINT WARNING * * *
You are electrocuted!
You die...

#...##
##.##
#.##
##.#
#.##
##.#
##'##
#...#
#.h.#
#.g)#
#####


You could see Crazy Yiuf.

Vanquished Creatures
  An adder (D:2)
  A worm (D:2)
  3 ball pythons (D:1)
  3 endoplasms (D:1)
  A goblin (D:1)
  5 hobgoblins
  2 jackals (D:1)
  6 kobolds
  5 quokkas
  3 bats
  2 frilled lizards (D:1)
  4 rats
36 creatures vanquished.

Notes
Turn   | Place    | Note
-------+----------+-------------------------------------------
     0 | D:1      | om the Djinni Ice Elementalist began the quest for the Orb.
     0 | D:1      | om set off with the following spells memorised: Freeze,
                  | Frozen Ramparts, Ozocubu's Armour, Hailstorm.
     0 | D:1      | Reached XP level 1. HP: 15/15 MP: 0/0
   322 | D:1      | Found a faded altar of an unknown god.
   485 | D:1      | Reached XP level 2. HP: 17/21 MP: 0/0
   960 | D:1      | Reached XP level 3. HP: 20/25 MP: 0/0
   960 | D:1      | Learned a level 1 spell: Necrotise
  1832 | D:2      | Found Maggavuf's Magic Scroll Emporium.
  1836 | D:2      | Bought a scroll of noise for 13 gold pieces
  1836 | D:2      | Bought a scroll of identify for 26 gold pieces
  1836 | D:2      | Bought a scroll of identify for 26 gold pieces
  2252 | D:2      | Reached XP level 4. HP: 27/31 MP: 0/0
  2517 | D:2      | Found a runed translucent door.
  2518 | D:2      | Noticed Crazy Yiuf
  2532 | D:2      | Mangled by Crazy Yiuf

Illustrated notes

Levels and vault maps discovered:
D:1:      mrwooster_arrival_statue_2, layout_basic, serial_forest,
          infiniplex_forest_straight_3, infiniplex_forest_lined_ring,
          infiniplex_forest_lined_2, infiniplex_forest_lined_corner,
          shapermc_ecumenical_altar_venn, serial_bayou_pond_a,
          minmay_heptomino_w4
D:2:      layout_loops_ring, serial_shops, nicolae_shop_stone,
          uniq_crazy_yiuf_cottage

Skill      XL: |  1  2  3 |
---------------+----------+-----
Stealth        | 2 |  2.2
Dodging        | 3 |  3.0
Armour         | |  0.7
Spellcasting   | |  3.6

Action                   |  1- 3 |  4- 6 || total
-------------------------+-------+-------++-------
Melee: Unarmed           |     3 |     4 ||     7
       Dagger            |    37 |     3 ||    40
 Cast: Freeze            |    41 |     6 ||    47
  Use: Scroll            |     6 |       ||     6
       Potion            |       |     1 ||     1
 Stab: Sleeping          |       |     1 ||     1
Armor: Robe              |     1 |       ||     1
       Leather armour    |    13 |     1 ||    14
Dodge: Dodged            |    44 |     7 ||    51
